 Dungeon Crawl Stone Soup version 0.31.0-12-g77e489cdc1 (webtiles) character file.

Game seed: 7139716439943665966

1932 Arctor the Magician (level 8, -3/41 HPs)
             Began as a Deep Elf Fire Elementalist on Feb 11, 2024.
             Was a Believer of Vehumet.
             Shot with a sling bullet by a kobold (4 damage)
             ... on level 7 of the Dungeon.
             The game lasted 00:11:11 (7661 turns).

Arctor the Magician (Deep Elf Fire Elementalist)    Turns: 7661, Time: 00:11:12

Health: -3/41      AC:  5    Str:  4 (5)  XL:     8   Next: 97%
Magic:  22/29      EV: 15    Int: 32      God:    Vehumet [**....]
Gold:   356        SH:  0    Dex: 16 (17) Spells: 6/21 levels left

rFire   + . .        n - +2 hammer "Ziloegg" {speed, *Noise rF+ Int+3 Dex+2}
rCold   . . .        (no shield)
rNeg    . . .        a - +0 robe
rPois   .            m - +1 helmet
rElec   .            D - +0 cloak
rCorr   .            (no gloves)
SInv    .            (no boots)
Will    .....        c - amulet of faith
Stlth   ++++         i - +6 ring of intelligence
HPRegen 0.26/turn    e - ring of magical power
MPRegen 0.21/turn

%: faith
@: lethally poisoned (-3 -> -8), slowed, very slow
A: no striking features
a: Renounce Religion


You were on level 7 of the Dungeon.
You worshipped Vehumet.
Vehumet was pleased with you.
You visited 1 branch of the dungeon, and saw 7 of its levels.

You collected 356 gold pieces.

Inventory:

Hand Weapons
 n - the +2 hammer "Ziloegg" (weapon) {speed, *Noise rF+ Int+3 Dex+2}
   (You found it on level 3 of the Dungeon)

   Int+3:     It affects your intelligence (+3).
   Dex+2:     It affects your dexterity (+2).
   rF+:       It protects you from fire.
   *Noise:    It may make a loud noise when swung.
 p - a +1 dagger of venom
Armour
 a - a +0 robe (worn)
 m - a +1 helmet (worn)
 D - a +0 cloak (worn)
Jewellery
 c - an amulet of faith (around neck)
 e - a ring of magical power (right hand)
 h - an amulet of reflection
 i - a +6 ring of intelligence (left hand)
 l - an amulet of regeneration
Wands
 x - a wand of flame (16)
 y - a wand of iceblast (8)
 A - a wand of mindburst (23)
Scrolls
 d - a scroll of fog
 g - a scroll of enchant weapon
 j - 2 scrolls of identify
 k - a scroll of revelation {unknown}
 q - a scroll of enchant armour
 s - a scroll of amnesia
 t - 2 scrolls of poison
 u - a scroll of blinking
 w - a scroll of teleportation
 z - 2 scrolls of silence {unknown}
Potions
 b - a potion of magic
 f - 3 potions of mutation {unknown}
 o - a potion of heal wounds
 r - 2 potions of attraction
 C - 4 potions of curing {unknown}


   Skills:
 + Level 6.5 Dodging
 + Level 7.0 Stealth
 + Level 7.2 Spellcasting
 + Level 5.5 Conjurations
 + Level 2.9 Summonings
 + Level 6.3 Fire Magic


You had 6 spell levels left.
You knew the following spells:

 Your Spells              Type           Power      Damage    Failure   Level
a - Foxfire               Conj/Fire      100%       2x1d9     1%          1
b - Scorch                Fire           100%       2d9       1%          2
c - Volatile Blastmotes   Fire/Tloc      64%        2d15      3%          3
d - Flame Wave            Conj/Fire      49%        2d12      3%          4
e - Call Imp              Summ           60%        N/A       1%          2
f - Inner Flame           Hex/Fire       32%        N/A       3%          3

Your spell library contained the following spells:

 Spells                   Type           Power      Damage    Failure   Level
 Magic Dart               Conj           100%       1d8       1%          1
 Freeze                   Ice            44%        1d6       4%          1
 Hailstorm                Conj/Ice       29%        3d8       4%          3
 Mercury Vapours          Alch/Air       22%        N/A       6%          2
 Sublimation of Blood     Necr           11%        N/A       6%          2
 Mephitic Cloud           Conj/Alch/Air  23%        N/A       6%          3
 Frozen Ramparts          Ice            22%        1d4       12%         3
 Freezing Cloud           Conj/Ice/Air   11%        6-21      47%         5
 Summon Hydra             Summ           15%        N/A       100%        7


Dungeon Overview and Level Annotations

Branches:
Dungeon (7/15)             Temple (0/1) D:5

Altars:
Okawaru
Uskayaw
Vehumet
Yredelemnul
The Shining One

Shops:
D:5 [

Annotations:
D:3 exclusion: statue


Message History

The gnoll is heavily wounded.
The foxfire hits the gnoll!
The gnoll is burned terribly!
The gnoll is almost dead.
The gnoll barely misses you.
The gnoll sergeant hits you from afar with a +2 spear of flaming.
The gnoll sergeant burns you. The gnoll hits you with a +0 whip.
You hit the gnoll.
You kill the gnoll!
Vehumet accepts your kill.
The gnoll sergeant is no longer more vulnerable to fire.
The gnoll hits you but does no damage.
A wight comes into view. It is wielding a +0 mace.
The gnoll sergeant hits you from afar with a +2 spear of flaming.
The gnoll sergeant burns you. The gnoll attacks as it pursues you!
The gnoll hits you but does no damage. The gnoll attacks as it pursues you!
The gnoll hits you with a +0 whip.
A kobold comes into view. It is wielding a +3 sling.
A kobold brigand comes into view.
It is wielding a +0 dagger and quivering curare-tipped darts.
The gnoll hits you with a +0 whip.
* * * LOW HITPOINT WARNING * * *
The kobold brigand shouts!
The kobold shouts!
The kobold shoots a sling bullet.
The sling bullet barely misses you. The gnoll attacks as it pursues you!
The gnoll barely misses you.
A kobold comes into view. It is wielding a +0 short sword.
The gnoll attacks as it pursues you! The gnoll barely misses you.
You see here a +0 dagger.
The kobold shoots a sling bullet.
The sling bullet completely misses you. The gnoll attacks as it pursues you!
The gnoll hits you with a +0 whip.
* * * LOW HITPOINT WARNING * * *
The kobold brigand throws a curare-tipped dart.
The curare-tipped dart hits you.
You are poisoned.
You have difficulty breathing.
* * * LOW HITPOINT WARNING * * *
You feel yourself slow down.
There is a stone staircase leading down here.
* * * LOW HITPOINT WARNING * * *
You feel very sick.
The kobold shoots a sling bullet.
The sling bullet hits you.
You die...

.. ...#. ...#. ..
.....# #... ....
...# #.K##+##..#
#.K......### ..
#K.@....... ..
#..g..##### #....
.. #..)..# #....
.. #..g..# #....
.. #.g...# #....
.. #..g..# #....
.. #.!...# #....
..
#####z....#.....#
#.... ..
#....)..###.....#
#....


You could see a kobold brigand, a gnoll sergeant, a wight, 3 gnolls and 2
kobolds.

Vanquished Creatures
  Sigmund (D:4)
  A water moccasin (D:6)
  An ice beast (D:6)
  2 ogres
  3 phantoms
  2 bullfrogs
  5 killer bees (D:5)
  A howler monkey (D:3)
  A bombardier beetle (D:4)
  A gnoll bouda (D:4)
  3 orc priests (D:5)
  Crazy Yiuf (D:3)
  6 hounds
  2 jellies (D:6)
  5 iguanas
  7 adders
  5 gnolls
  2 shadow imps (D:5)
  2 ufetubi (D:5)
  4 dart slugs
  4 ribbon worms
  11 orcs
  4 endoplasms
  7 giant cockroaches
  5 goblins
  12 hobgoblins
  2 jackals (D:2)
  3 quokkas
  3 ball pythons
  6 bats
  8 kobolds
  2 rats (D:2)
122 creatures vanquished.

Vanquished Creatures (collateral kills)
  8 foxfires (D:5)
8 creatures vanquished.

Vanquished Creatures (others)
  715 foxfires
715 creatures vanquished.

Grand Total: 845 creatures vanquished

Notes
Turn   | Place    | Note
-------+----------+-------------------------------------------
     0 | D:1      | Arctor the Deep Elf Fire Elementalist began the quest for
                  | the Orb.
     0 | D:1      | Reached XP level 1. HP: 10/10 MP: 6/6
   356 | D:1      | Reached XP level 2. HP: 15/15 MP: 2/8
   952 | D:1      | Learned a level 2 spell: Scorch
  1265 | D:2      | Reached XP level 3. HP: 17/19 MP: 4/9
  1703 | D:2      | Found a hide-covered altar of Uskayaw.
  2202 | D:2      | Reached XP level 4. HP: 7/24 MP: 9/11
  3257 | D:3      | Found a radiant altar of Vehumet.
  3257 | D:3      | Noticed a charred statue
  3263 | D:3      | Became a worshipper of Vehumet
  3424 | D:3      | Found a runed translucent door.
  3431 | D:3      | Noticed Crazy Yiuf
  3436 | D:3      | Learned a level 3 spell: Volatile Blastmotes
  3444 | D:3      | Killed Crazy Yiuf
  3445 | D:3      | Reached XP level 5. HP: 28/28 MP: 13/13
  3446 | D:3      | Identified the +2 hammer "Ziloegg" {speed, *Noise rF+ Int+3
                  | Dex+2}
  3574 | D:3      | Learned a level 4 spell: Flame Wave
  4446 | D:4      | Reached XP level 6. HP: 31/32 MP: 15/15
  4716 | D:4      | Noticed Sigmund
  4721 | D:4      | Killed Sigmund
  4722 | D:4      | Reached skill level 5 in Stealth
  4722 | D:4      | Reached skill level 5 in Spellcasting
  4722 | D:4      | Reached XP level 7. HP: 36/36 MP: 17/17
  5352 | D:5      | Entered Level 5 of the Dungeon
  5352 | D:5      | Found a staircase to the Ecumenical Temple.
  5360 | D:5      | Reached * piety under Vehumet
  5360 | D:5      | Offered knowledge of Kiss of Death by Vehumet.
  5394 | D:5      | Reached skill level 5 in Fire Magic
  5399 | D:5      | Reached skill level 5 in Dodging
  5701 | D:5      | Found a transporter.
  5723 | D:5      | Learned a level 2 spell: Call Imp
  5904 | D:5      | Reached XP level 8. HP: 29/41 MP: 17/19
  5967 | D:5      | Found a transporter.
  6059 | D:5      | Found Sovviny's Armour Emporium.
  6196 | D:5      | Reached skill level 1 in Summonings
  6586 | D:6      | Reached ** piety under Vehumet
  6606 | D:6      | Found a basalt altar of Yredelemnul.
  6620 | D:6      | Offered knowledge of Magic Dart by Vehumet.
  6868 | D:6      | Found an iron altar of Okawaru.
  6909 | D:6      | Reached skill level 5 in Conjurations
  7034 | D:6      | Found a glowing golden altar of the Shining One.
  7394 | D:6      | Learned a level 3 spell: Inner Flame
  7661 | D:7      | HP: 1/41 [poisoned by a kobold brigand (curare-tipped
                  | dart)]
  7661 | D:7      | Shot with a sling bullet by a kobold

Illustrated notes

Levels and vault maps discovered:
D:1:      mainiacjoe_arrival_oval_in_oval, layout_loops_ring,
          minmay_pentomino_w2
D:2:      layout_loops_ring, basic_altar, guppyfry_early_orc_mine
D:3:      layout_loops_ring, vehumet_statue, uniq_crazy_yiuf_cottage
D:4:      layout_basic, uniq_sigmund
D:5:      gammafunk_wand_slinger, layout_basic,
          minmay_temple_entry_statues_pillars, serial_shops,
          nicolae_shop_statue_plus, minmay_misc_feat_cross,
          kennysheep_flooded_box
D:6:      layout_loops_ring, mainiacjoe_overflow_small_starburst,
          okawaru_ov_weapons_minmay, mainiacjoe_overflow_six_doors_small
D:7:      layout_basic, nzn_wu_jian_council_hall, nicolae_uskayaw_en_pointe

Skill      XL: |  1  2  3  4  5  6  7  8 |
---------------+-------------------------+-----
Stealth        | 3 4 5 7 |  7.0
Dodging        | 3 4 5 6 |  6.5
Conjurations   | 2 3 4 5 |  5.5
Spellcasting   | 4 5 6 7 |  7.2
Fire Magic     | 4 5 6 |  6.3
Summonings     | 2 |  2.9

Action                     |  1- 3 |  4- 6 |  7- 9 || total
---------------------------+-------+-------+-------++-------
  Melee: Dagger            |     4 |       |       ||     4
         Mace              |       |     1 |     3 ||     4
   Cast: Foxfire           |   129 |   174 |   165 ||   468
         Scorch            |     4 |    18 |    38 ||    60
    Use: Scroll            |     3 |     1 |     6 ||    10
         Potion            |       |       |     3 ||     3
 Armour: Robe              |    18 |    10 |    26 ||    54
  Dodge: Dodged            |    11 |     8 |    30 ||    49
  Block: Other             |     4 |     1 |       ||     5
